 Dungeon Crawl Stone Soup version 0.26.0-10-g1f06aea511 (webtiles) character file.

Game seed: 7942652546767442797

5108 Borgoz the Carver (level 10, -6/86 HPs)
             Began as a Ghoul Gladiator on Jan 18, 2021.
             Was an Elder of Okawaru.
             Mangled by a large abomination (27 damage)
             ... on level 2 of the Abyss.
             The game lasted 00:09:23 (8611 turns).

Borgoz the Carver (Ghoul Gladiator)                 Turns: 8611, Time: 00:09:24

Health: -6/86      AC: 25    Str: 19    XL:     10   Next: 57%
Magic:  12/12      EV:  8    Int:  3    God:    Okawaru [****..]
Gold:   580        SH:  0    Dex: 13    Spells: 9/9 levels left

rFire    + . .     SeeInvis .   f - +4 long sword (venom)
rCold    . . .     Faith    .   (no shield)
rNeg     + + +     Spirit   .   v - +0 plate armour
rPois    ∞         Reflect  .   c - +0 helmet
rElec    .         Harm     .   e - +2 cloak
rCorr    .         Rampage  .   r - +2 pair of gloves
Will     .....                  (no boots)
Stlth    ..........             (no amulet)
HPRegen  0.00/turn              p - +4 ring of protection
MPRegen  0.13/turn              w - ring of fire

@: about to teleport
A: claws 1, cold resistance 1, negative energy resistance 3, inhibited
regeneration, torment resistance, unbreathing
a: Renounce Religion, Heroism


You were on level 2 of the Abyss.
You worshipped Okawaru.
Okawaru was greatly pleased with you.
You visited 2 branches of the dungeon, and saw 10 of its levels.
You visited the Abyss 1 time.

You collected 580 gold pieces.

Inventory:

Hand Weapons
 a - a +3 long sword
 f - a +4 long sword of venom (weapon)
Armour
 c - a +0 helmet (worn)
 e - a +2 cloak (worn)
 r - a +2 pair of gloves (worn)
 v - a +0 plate armour (worn)
Jewellery
 p - a +4 ring of protection (left hand)
 w - a ring of fire (right hand)
Wands
 d - a wand of paralysis (14)
 o - a wand of flame (37)
 s - a wand of iceblast (6)
 y - a wand of digging (5)
 z - a wand of random effects (23)
Scrolls
 h - 2 scrolls of fog
 j - 2 scrolls of identify
 l - 4 scrolls of remove curse
 m - a scroll of teleportation
 q - 4 scrolls of fear
 t - a scroll of magic mapping
 x - a scroll of enchant weapon
Potions
 b - a potion of haste
 g - a potion of cancellation
 i - a potion of magic
 k - a potion of attraction
 n - 2 potions of degeneration {unknown}
 u - 5 potions of flight
 A - a potion of lignification {unknown}
 B - a potion of resistance {unknown}
 C - a potion of ambrosia {unknown}


   Skills:
 + Level 7.0 Fighting
 * Level 8.3 Long Blades
 - Level 1.7 Throwing
 * Level 7.6 Armour
 + Level 5.9 Dodging
 - Level 5.0 Invocations


You had 9 spell levels left.
You didn't know any spells.
Your spell library contained the following spells:

 Spells                   Type           Power        Failure   Level
 Sting                    Tmut/Pois      0%           100%        1
 Poisonous Vapours        Pois/Air       0%           100%        2
 Ignite Poison            Fire/Tmut/Pois 0%           100%        3
 Mephitic Cloud           Conj/Pois/Air  0%           100%        3
 Olgreb's Toxic Radiance  Pois           0%           100%        4


Dungeon Overview and Level Annotations

Branches:
Dungeon (9/15)             Temple (1/1) D:4
   Lair: D:8-11         Orc: D:9-12

Altars:
Ashenzari
Dithmenos
Elyvilon
Fedhas
Gozag
Hepliaklqana
Kikubaaqudgha
Makhleb
Nemelex Xobeh
Okawaru
Qazlal
Ru
Sif Muna
Trog
Uskayaw
Vehumet
Wu Jian
Xom
Yredelemnul
Zin
The Shining One

Shops:
D:5 }   D:7 }

Annotations:
D:9 Psyche


Innate Abilities, Weirdness & Mutations

You thrive by killing the living.
You are immune to poison.
You have sharp fingernails.
Your flesh is cold resistant. (rC+)
You are immune to negative energy. (rN+++)
You do not regenerate when monsters are visible.
You are immune to unholy pain and torment.
You can survive without breathing.


Message History

Evoke which item? (* to show all) (? for menu, Esc to quit)
Okay, then.
As you read the scroll of teleportation, it crumbles to dust.
You feel strangely unstable.
You feel the power of the Abyss delaying your translocation!
The large abomination hits you but does no damage.
You are suddenly pulled into a different region of the Abyss!
You start resting.
A large abomination comes into view.
You start resting.
A large abomination is nearby!
The large abomination hits you but does no damage.
The large abomination hits you but does no damage.
The large abomination hits you!!
* * * LOW HITPOINT WARNING * * *
As you read the scroll of teleportation, it crumbles to dust.
You feel strangely unstable.
You feel the power of the Abyss delaying your translocation!
The large abomination hits you!!
You die...

..#.# #
######.#.#
.# #....
#..#.#
#..#..#....
#.......#
#.#.#..#..
###..###
#...X#
#...@#
#.#...#
##..##.#
#.... ...
#.#.. .##
.#.. ## ##
#. ..


You could see a large abomination.

Vanquished Creatures
  Harold (D:8)
  Pikel (D:6)
  A hornet (D:8)
  2 water moccasins
  An ice beast (D:5)
  A black bear (D:7)
  2 phantoms
  5 ogres
  3 lemures (D:6)
  A centaur (D:9)
  A big kobold (D:9)
  4 bullfrogs
  A wyvern zombie (D:6)
  3 scorpions
  4 killer bees (D:7)
  3 vampire bats (D:6)
  10 wights
  A howler monkey (D:5)
  2 bullfrog zombies (D:6)
  4 bullfrog skeletons
  2 hounds
  8 orc priests
  4 jellies
  A centaur skeleton (D:8)
  2 iguanas
  8 orc wizards
  5 worker ants
  A hound zombie (D:9)
  A hound skeleton (D:4)
  A worker ant zombie (D:6)
  A howler monkey skeleton (D:9)
  13 adders
  3 shadow imps
  A white imp (D:6)
  2 ufetubi
  An ooze (D:1)
  3 adder skeletons
  2 worms
  6 leopard geckos
  36 orcs
  A ball python (D:4)
  4 bats
  4 bat skeletons (D:6)
  2 bat zombies (D:6)
  5 giant cockroaches
  12 goblins
  15 hobgoblins
  13 jackals
  9 kobolds
  6 quokkas
  6 frilled lizards
  A leopard gecko skeleton (D:5)
  A quokka skeleton (D:4)
  A quokka zombie (D:8)
  10 rats
242 creatures vanquished.

Notes
Turn   | Place    | Note
-------+----------+-------------------------------------------
     0 | D:1      | Borgoz the Ghoul Gladiator began the quest for the Orb.
     0 | D:1      | Reached XP level 1. HP: 17/17 MP: 0/0
    31 | D:1      | Reached XP level 2. HP: 21/24 MP: 1/1
   428 | D:1      | Reached skill level 3 in Long Blades
   447 | D:1      | Reached skill level 1 in Armour
   466 | D:1      | Reached XP level 3. HP: 29/30 MP: 2/2
  1025 | D:2      | Reached XP level 4. HP: 30/37 MP: 3/3
  1793 | D:3      | Reached XP level 5. HP: 45/45 MP: 4/4
  2499 | D:4      | Reached skill level 4 in Long Blades
  2526 | D:4      | Reached XP level 6. HP: 51/51 MP: 5/5
  2922 | D:4      | Reached XP level 7. HP: 58/58 MP: 6/6
  3147 | D:4      | Reached skill level 5 in Long Blades
  3172 | D:4      | Found a staircase to the Ecumenical Temple.
  3294 | Temple   | Entered the Ecumenical Temple
  3363 | Temple   | Became a worshipper of Warmaster Okawaru
  3547 | D:5      | Entered Level 5 of the Dungeon
  3567 | D:5      | Found Oruxtinu's Gadget Shoppe.
  3794 | D:5      | Found a shimmering blue altar of Sif Muna.
  3962 | D:5      | Reached skill level 1 in Invocations
  3962 | D:5      | Reached XP level 8. HP: 64/67 MP: 7/7
  4662 | D:6      | Reached * piety under Okawaru
  4693 | D:6      | Reached skill level 5 in Fighting
  4693 | D:6      | Reached skill level 5 in Armour
  4768 | D:6      | Found a hazy altar of Hepliaklqana.
  4782 | D:6      | Reached skill level 6 in Long Blades
  4932 | D:6      | Found an ancient bone altar of Kikubaaqudgha.
  5123 | D:6      | Reached ** piety under Okawaru
  5124 | D:6      | Reached XP level 9. HP: 65/74 MP: 10/10
  5517 | D:6      | Noticed Pikel
  5532 | D:6      | Killed Pikel
  5768 | D:6      | Reached skill level 5 in Dodging
  6307 | D:7      | Reached skill level 7 in Long Blades
  6319 | D:7      | Reached *** piety under Okawaru
  6893 | D:7      | Found a broken altar of Ashenzari.
  6950 | D:7      | Found a glowing golden altar of the Shining One.
  7250 | D:7      | Found Fedast's Gadget Boutique.
  7265 | D:7      | Reached XP level 10. HP: 82/84 MP: 12/12
  7405 | D:8      | Noticed Harold
  7444 | D:8      | Paralysed by Harold for 5 turns
  7470 | D:8      | Killed Harold
  7470 | D:8      | Reached **** piety under Okawaru
  7701 | D:8      | Reached skill level 8 in Long Blades
  7720 | D:8      | Found a burning altar of Makhleb.
  7797 | D:8      | Found a burning altar of Makhleb.
  7916 | D:8      | Reached skill level 5 in Invocations
  8122 | D:9      | Found a hide-covered altar of Uskayaw.
  8510 | D:9      | Noticed Psyche
  8512 | D:9      | Cast into level 2 of the Abyss (Psyche)
  8517 | Abyss:2  | Noticed a large abomination
  8600 | Abyss:2  | Noticed a large abomination
  8611 | Abyss:2  | Mangled by a large abomination

Illustrated notes

Levels and vault maps discovered:
D:1:      dpeg_arrival_rooms_c, layout_basic, st_stairs_4, minmay_circled_x
D:2:      layout_basic, grunt_ministairs_14
D:3:      layout_loops_cross
D:4:      layout_cave_pools, temple_hall
D:5:      layout_loops_corners, lemuel_blue_sif_altar, serial_shops, shop,
          hangedman_abyss_or_decor_stagger
D:6:      layout_basic, kennysheep_vampire_church, kennysheep_little_box,
          uniq_pikel
D:7:      layout_basic, nicolae_ashenzari_panopticon,
          nicolae_tso_carved_into_rock, serial_shops,
          nicolae_shop_window_shopping
D:8:      layout_loops_cross, kennysheep_mini_moat, basic_altar, uniq_harold
D:9:      layout_basic, kennysheep_mini, general_overflow_altar,
          minmay_fractal_squares_gapless_5, uniq_psyche
Temple:   eino_temple_lava
Abyss:2:  base:
D:8

Skill      XL: |  1  2  3  4  5  6  7  8  9 10 |
---------------+-------------------------------+-----
Long Blades    | 3 4 5 6 7 8 |  8.3
Armour         | 1 2 3 4 5 6 7 |  7.6
Dodging        | 3 4 5 |  5.9
Fighting       | 3 4 5 6 7 |  7.0
Invocations    | 1 2 4 5 |  5.0
Throwing       | |  1.7

Action                   |  1- 3 |  4- 6 |  7- 9 | 10-12 || total
-------------------------+-------+-------+-------+-------++-------
Melee: Long sword        |    91 |   201 |   469 |   181 ||   942
Throw: Throwing net      |       |     1 |     1 |     1 ||     3
  Use: Scroll            |     5 |     5 |     3 |     4 ||    17
       Potion            |       |     2 |       |     6 ||     8
 Stab: Held in net/web   |       |       |     3 |     1 ||     4
Armor: Leather armour    |    23 |    34 |       |       ||    57
       Plate armour      |       |   107 |   399 |   113 ||   619
       Scale mail        |       |    19 |       |       ||    19
Dodge: Dodged            |    74 |   105 |   205 |    72 ||   456
       Rpst.: Long sword |    20 |    38 |    52 |    23 ||   133
